 Dungeon Crawl Stone Soup version 0.21-a0-401-g0b6bec4 (webtiles) character file.

1416 kae the Digger (level 8, -9/41 HPs)
             Began as a Gargoyle Earth Elementalist on Oct 25, 2017.
             Was a Follower of Vehumet.
             Mangled by zero's ghost (16 damage)
             ... on level 5 of the Dungeon.
             The game lasted 00:08:16 (6650 turns).

kae the Digger (Gargoyle Earth Elementalist)        Turns: 6650, Time: 00:08:17

Health: -9/41      AC:  9    Str: 12    XL:     8   Next: 71%
Magic:  13/16      EV: 12    Int: 18    God:    Vehumet [*.....]
Gold:   270        SH:  8    Dex: 16    Spells: 14/18 levels left

rFire    + . .     SeeInvis .   l - +2 rapier (elec)
rCold    . . .     Gourm    .   z - +3 buckler
rNeg     + . .     Faith    .   y - +1 robe {rF+}
rPois    ∞         Spirit   .   (no helmet)
rElec    +         Reflect  .   r - +0 cloak
rCorr    .         Harm     .   (no gloves)
MR       .....                  (no boots)
Stlth    ++........             (no amulet)
HPRegen  0.13/turn              p - +6 ring of dexterity
MPRegen  0.15/turn              (no ring)

@: no status effects
A: negative energy resistance 1, electricity resistance, unbreathing,
petrification resistance, rot immunity, AC +5
a: Renounce Religion


You were on level 5 of the Dungeon.
You worshipped Vehumet.
Vehumet was aware of your devotion.
You were very hungry.

You visited 1 branch of the dungeon, and saw 5 of its levels.

You collected 270 gold pieces.

Inventory:

Hand Weapons
 a - a +0 short sword
 l - a +2 rapier of electrocution (weapon)
Missiles
 b - 191 stones (quivered)
Armour
 r - a +0 cloak (worn)
 y - a +1 robe of fire resistance (worn)
 z - a +3 buckler (worn)
Jewellery
 p - a +6 ring of dexterity (left hand)
Wands
 s - a wand of paralysis (20/24)
 A - a wand of polymorph (13/24)
Scrolls
 h - a scroll of fog
 k - a scroll of amnesia
 m - a scroll of teleportation
 n - 2 scrolls of remove curse
Potions
 c - 2 potions of flight {unknown}
 f - a potion of brilliance
 g - a potion of mutation {unknown}
 i - 2 potions of curing {unknown}
 j - a potion of resistance
 o - a potion of agility
 q - 4 potions of might
 u - a potion of ambrosia {unknown}
 v - 5 potions of heal wounds {unknown}
Books
 e - a book of Geomancy

   Spells                             Type                      Level
   a - Sandblast                      Earth                        1
   b - Passwall                       Transmutation/Earth          2
   c - Stone Arrow                    Conjuration/Earth            3
   d - Petrify                        Transmutation/Earth          4
   e - Lee's Rapid Deconstruction     Earth                        5
 w - a book of Misfortune

   Spells                             Type                      Level
   a - Confusing Touch                Hexes                        1
   b - Confuse                        Hexes                        3
   c - Gell's Gravitas                Translocation                3
   d - Petrify                        Transmutation/Earth          4
   e - Metabolic Englaciation         Hexes/Ice                    5
   f - Yara's Violent Unravelling     Hexes/Transmutation          5
Comestibles
 d - 5 bread rations


   Skills:
 - Level 1.5 Dodging
 - Level 2.1 Stealth
 + Level 3.4 Shields
 + Level 5.6 Spellcasting
 + Level 5.8 Conjurations
   Level 0.7 Transmutations
 + Level 7.8 Earth Magic


You had 14 spell levels left.
You knew the following spells:

 Your Spells              Type           Power        Failure   Level  Hunger
a - Sandblast             Erth           ####..       1%          1    None
b - Stone Arrow           Conj/Erth      ####..       2%          3    ##.....


Dungeon Overview and Level Annotations

Branches:
Dungeon (5/15)             Temple (0/1) D:4

Altars:
Cheibriados
Dithmenos
Makhleb
Qazlal
Trog
Vehumet
Zin

Annotations:
D:3 Terence
D:5 zero's ghost, novice GrBe


Innate Abilities, Weirdness & Mutations

You are resistant to torment.
Your stone body is resilient. (AC +5)
You are immune to poison.
You resist negative energy. (rN+)
You are resistant to electric shocks. (rElec)
You can survive without breathing.
You are immune to petrification.
You are immune to rotting.


Message History

You are feeling very hungry.
You start resting.
Magic restored.
You climb downwards.
Level annotation: zero's ghost, novice GrBe Zero's ghost hits you!
Zero's ghost barely misses you.
There is a stone staircase leading up here.
You see here a +0 robe.
Casting: Sandblast
Confirm with . or Enter, or press ? or * to list all spells.
Aiming: Stone Arrow
Press: ? - help, Shift-Dir - straight line, f - zero's ghost
Aim: zero's ghost, wielding a vorpal weapon The stone arrow hits zero's ghost.
Zero's ghost is lightly damaged.
Zero's ghost hits you!
* * * LOW HITPOINT WARNING * * *
x2 Zero's ghost wails.
Zero's ghost hits you!
You die...

#8..8## ##.........##.###
#...._# #...........#.####
###..### #.............##..
#.....⌠# #............###..
###..###########..........##
#..
#......##...........#...###
### ###..####..........######
#.. #....._##.......W..# ##.#
###..####......@...# ##...
.... #......##.### #######..##
##..# #......##.#####........#
######......##.............###
........##..###...........
................##########
.......W######### ........#
........#


You could see zero's ghost.

Vanquished Creatures
  Sigmund (D:4)
  Duvessa (D:4)
  An ice beast (D:4)
  A sky beast (D:5)
  A phantom (D:5)
  An ogre (D:4)
  A centaur (D:5)
  Dowan (D:4)
  A howler monkey (D:4)
  A centaur zombie (D:5)
  2 hounds (D:5)
  An orc priest (D:5)
  Ijyb (D:5)
  2 bullfrog skeletons (D:5)
  3 orc wizards
  Natasha (thrice) (D:4)
  3 worker ants
  4 gnolls (D:2)
  8 adders
  An adder zombie (D:5)
  3 dart slugs
  3 leopard geckos
  8 orcs (D:4)
  5 giant cockroaches
  5 goblins
  5 hobgoblins
  13 jackals
  A quokka (D:3)
  8 bats
  4 frilled lizards
  7 kobolds
  A quokka skeleton (D:4)
  4 rats
105 creatures vanquished.

Vanquished Creatures (others)
  The ghost of Barriton the Ruffian, an amateur DrTm (D:4)
  A quokka skeleton (D:4)
2 creatures vanquished.

Grand Total: 107 creatures vanquished

Notes
Turn   | Place    | Note
-------+----------+-------------------------------------------
     0 | D:1      | kae the Gargoyle Earth Elementalist began the quest for the Orb.
     0 | D:1      | Reached XP level 1. HP: 10/10 MP: 3/3
   423 | D:1      | Reached XP level 2. HP: 15/15 MP: 5/5
   458 | D:1      | Reached skill level 4 in Earth Magic
   825 | D:2      | Reached XP level 3. HP: 15/19 MP: 6/6
   830 | D:2      | Learned a level 3 spell: Stone Arrow
  1047 | D:2      | Reached skill level 1 in Conjurations
  1047 | D:2      | Reached XP level 4. HP: 17/24 MP: 0/8
  1762 | D:2      | Reached skill level 5 in Earth Magic
  1982 | D:2      | Reached XP level 5. HP: 24/28 MP: 9/9
  2505 | D:3      | Found a burning altar of Makhleb.
  2512 | D:3      | Found a shadowy altar of Dithmenos.
  2723 | D:3      | Found a bloodstained altar of Trog.
  2789 | D:3      | Found a radiant altar of Vehumet.
  2911 | D:3      | Noticed Terence
  2931 | D:3      | Became a worshipper of Vehumet
  3064 | D:4      | Noticed an ogre
  3085 | D:4      | Found a glowing silver altar of Zin.
  3281 | D:4      | Reached XP level 6. HP: 14/32 MP: 3/11
  3564 | D:4      | Noticed Barriton's ghost (amateur DrTm)
  3601 | D:4      | Noticed Duvessa
  3602 | D:4      | Noticed Dowan
  3626 | D:4      | Killed Duvessa
  3635 | D:4      | Killed Barriton's ghost
  3760 | D:4      | Found a staircase to the Ecumenical Temple.
  3816 | D:4      | Killed Dowan
  3816 | D:4      | Reached skill level 6 in Earth Magic
  4039 | D:4      | Reached XP level 7. HP: 35/36 MP: 10/13
  4142 | D:4      | Noticed Sigmund
  4149 | D:4      | Killed Sigmund
  4220 | D:4      | Noticed Natasha
  4224 | D:4      | Killed Natasha
  4409 | D:4      | Noticed Natasha
  4587 | D:5      | Entered Level 5 of the Dungeon
  4649 | D:5      | Reached skill level 1 in Shields
  4750 | D:5      | Reached skill level 7 in Earth Magic
  4771 | D:5      | Reached * piety under Vehumet
  4771 | D:5      | Offered knowledge of Sting by Vehumet.
  4771 | D:5      | Reached skill level 5 in Spellcasting
  4771 | D:5      | Reached XP level 8. HP: 41/41 MP: 15/15
  4790 | D:5      | Reached skill level 5 in Conjurations
  4836 | D:5      | Noticed Ijyb
  4841 | D:5      | Killed Ijyb
  4925 | D:5      | Found a snail-covered altar of Cheibriados.
  4930 | D:5      | Noticed zero's ghost (novice GrBe)
  4935 | D:5      | Found a stormy altar of Qazlal.
  5660 | D:4      | Killed Natasha
  5843 | D:4      | Noticed Natasha
  5846 | D:4      | Killed Natasha
  6650 | D:5      | Mangled by zero's ghost

Vault maps used:
D:1:      dpeg_arrival_rooms_with_view
D:3:      vehumet_crystals, grunt_temple_overflow_open, bloody_trog,
          uniq_terence
D:4:      overflow_temple_1_default, minmay_temple_entry_fiery, first_bread,
          lemuel_flame_loot_1, uniq_sigmund, uniq_natasha, uniq_duvessa
D:5:      minitemple, uniq_crazy_yiuf_cottage, uniq_ijyb

Skill      XL: |  1  2  3  4  5  6  7  8 |
---------------+-------------------------+-----
Earth Magic    | 4 5 6 7 |  7.8
Conjurations   | 1 2 3 4 5 |  5.8
Spellcasting   | 3 4 5 |  5.6
Shields        | 1 3 |  3.4
Dodging        | |  1.5
Stealth        | |  2.1
Transmutations | |  0.7

Action                   |  1- 3 |  4- 6 |  7- 9 || total
-------------------------+-------+-------+-------++-------
Melee: Short sword       |    52 |   262 |       ||   314
       Unarmed           |     2 |       |       ||     2
       Rapier            |       |     7 |    46 ||    53
 Cast: Sandblast         |    11 |    25 |    17 ||    53
       Stone Arrow       |       |     8 |    36 ||    44
  Use: Scroll            |       |     9 |     6 ||    15
       Potion            |       |       |     1 ||     1
 Stab: Sleeping          |     2 |     3 |     1 ||     6
       Distracted        |       |       |     2 ||     2
  Eat: Chunk             |       |    10 |     5 ||    15
       Meat ration       |       |       |     1 ||     1
Armor: Robe              |    28 |   122 |    21 ||   171
Dodge: Dodged            |    52 |   220 |    36 ||   308
Block: Buckler           |       |       |    28 ||    28

Table legend:
 A = Spawn XP
 B = Non-spawn XP
 C = Spawn XP percentage of total XP
 D = Spawn monster count
 E = Non-spawn monster count
 F = Spawn count percentage of total count
 G = Total turns spent on level
                    A         B        C        D         E        F      G
               +---------+---------+-------+---------+---------+-------+---------
         Total |       0 |    2024 |   0.0 |       0 |     105 |   0.0 |  6650
               +---------+---------+-------+---------+---------+-------+---------
           D:1 |       0 |      15 |   0.0 |       0 |       9 |   0.0 |   746
           D:2 |       0 |     158 |   0.0 |       0 |      29 |   0.0 |  1440
           D:3 |       0 |      43 |   0.0 |       0 |      23 |   0.0 |   862
           D:4 |       0 |    1056 |   0.0 |       0 |      27 |   0.0 |  2746
           D:5 |       0 |     752 |   0.0 |       0 |      17 |   0.0 |   856
               +---------+---------+-------+---------+---------+-------+---------
